 Dungeon Crawl Stone Soup version 0.28.0-43-g3370ac3207 (webtiles) character file.

Game seed: 9462333720179005237

334 fknight the Chopper (level 6, -1/53 (56) HPs)
             Began as a Hill Orc Monk on Mar 1, 2022.
             Was a Believer of Beogh.
             Slain by an ogre
             ... wielding a +0 giant club
              (15 damage)
             ... on level 4 of the Dungeon.
             The game lasted 00:13:34 (4610 turns).

fknight the Chopper (Hill Orc Monk)                 Turns: 4610, Time: 00:13:35

HP:   -1/53 (56)    AC:  9    Str: 16    XL:     6   Next: 53%
MP:   6/6           EV:  7    Int: 10    God:    Beogh [**....]
Gold: 130           SH:  0    Dex: 13    Spells: 5/5 levels left

rFire   + . .      SeeInvis .   p - +0 war axe
rCold   . . .      Faith    .   (no shield)
rNeg    . . .      Spirit   .   i - +0 chain mail
rPois   .          Reflect  .   u - +0 helmet
rElec   .          Harm     .   (no cloak)
rCorr   .          Rampage  .   (no gloves)
Will    .....                   (no boots)
Stlth   ..........              (no amulet)
HPRegen 0.17/turn               e - ring of protection from fire
MPRegen 0.10/turn               (no ring)

@: drained
A: no striking features
a: Renounce Religion, Smiting


You were on level 4 of the Dungeon.
You worshipped Beogh.
Beogh was pleased with you.
You visited 1 branch of the dungeon, and saw 4 of its levels.

You collected 130 gold pieces.

Inventory:

Hand Weapons
 a - a +0 hand axe
 h - a +0 hunting sling
 p - a +0 war axe (weapon)
 s - a +0 halberd
 t - a +0 short sword of venom
 v - a +0 dagger of draining
Missiles
 c - 70 stones (quivered)
 g - 31 bolts
 k - 9 arrows
 l - 4 atropa-tipped darts
 q - 35 sling bullets
Armour
 b - a +0 robe
 i - a +0 chain mail (worn)
 u - a +0 helmet (worn)
Jewellery
 e - a ring of protection from fire (left hand)
Scrolls
 n - a scroll of enchant weapon {unknown}
Potions
 f - a potion of attraction
 j - a potion of might {unknown}
 m - a potion of heal wounds {unknown}
 o - a potion of haste {unknown}
 r - a potion of brilliance


   Skills:
 + Level 5.2 Fighting
 + Level 5.8 Axes
 + Level 3.5 Dodging
 + Level 3.2 Stealth


You had 5 spell levels left.
You didn't know any spells.
Your spell library contained the following spells:

 Spells                   Type           Power      Damage    Failure   Level
 Magic Dart               Conj           0%         1d3       100%        1
 Shock                    Conj/Air       0%         1d3       100%        1
 Sting                    Tmut/Pois      0%         1d3       100%        1
 Blink                    Tloc           0%         N/A       100%        2
 Poisonous Vapours        Pois/Air       0%         N/A       100%        2
 Searing Ray              Conj           0%         2d4       100%        2
 Static Discharge         Conj/Air       0%         N/A       100%        2
 Lesser Beckoning         Tloc           0%         N/A       100%        3
 Swiftness                Air            0%         N/A       100%        3
 Airstrike                Air            0%         N/A       100%        4
 Fulminant Prism          Conj/Hex       0%         3d6       100%        4
 Olgreb's Toxic Radiance  Pois           0%         N/A       100%        4
 Lightning Bolt           Conj/Air       0%         1d11      100%        5
 Manifold Assault         Tloc           0%         N/A       100%        5
 Maxwell's Capacitive Co  Air            0%         ∞         100%        8


Dungeon Overview and Level Annotations

Branches:
Dungeon (4/15)
 Temple: D:4-7

Altars:
Ashenzari
Dithmenos
Ru
Trog
Yredelemnul

Shops:
D:4 ?


Message History

You slash the ogre!
The ogre is heavily wounded.
The ogre hits you with a +0 giant club!
You hit the ogre but do no damage.
The ogre is heavily wounded.
The ogre hits you with a +0 giant club!
You barely miss the ogre.
The ogre is heavily wounded.
The ogre hits you with a +0 giant club!
* * * LOW HITPOINT WARNING * * *
You hit the ogre but do no damage.
The ogre is heavily wounded.
The ogre barely misses you.
You slash the ogre!
The ogre is almost dead.
The ogre hits you with a +0 giant club.
* * * LOW HITPOINT WARNING * * *
You slash the ogre!
You kill the ogre!
Beogh accepts your kill.
Things that are here:
a +0 giant club; an ogre corpse You start resting.
An ogre comes into view. It is wielding a +0 giant club.
You are too injured to fight recklessly!
The ogre shouts!
Found a robe.
It was a potion of brilliance.
You feel clever all of a sudden.
It was a potion of cancellation.
Your magical effects are unravelling.
You feel magically purged.
You feel a little less clever now.
You hit the ogre but do no damage. The ogre closely misses you.
You hit the ogre but do no damage. The ogre hits you with a +0 giant club.
* * * LOW HITPOINT WARNING * * *
You slash the ogre!
The ogre is heavily wounded.
The ogre hits you with a +0 giant club!
You die...

.8.(.## #.# #.#
♣(♣..$.
#.#######.#
.∩....O##
##........#
#.###.#########
##)#.## #...
##O### #...
#...# ....
###...### ....
#@O.....# ...
#.......... #.
..........###
#.###
#.#####...###
#.... #...#
#.... ....#
##.## .#..# [
...


You could see an ogre.

Vanquished Creatures
  An ogre (D:4)
  An orc priest (D:3)
  A centaur skeleton (D:4)
  An orc wizard (D:4)
  A gnoll (D:1)
  6 adders
  2 dart slugs
  3 worms
  5 orcs
  7 endoplasms
  5 giant cockroaches
  11 goblins
  3 hobgoblins
  7 jackals
  8 kobolds
  5 ball pythons
  9 bats
  2 frilled lizards
  7 rats
85 creatures vanquished.

Vanquished Creatures (others)
  3 jackals (D:3)
  3 rats (D:3)
6 creatures vanquished.

Grand Total: 91 creatures vanquished

Notes
Turn   | Place    | Note
-------+----------+-------------------------------------------
     0 | D:1      | fknight the Hill Orc Monk began the quest for the Orb.
     0 | D:1      | Reached XP level 1. HP: 19/19 MP: 1/1
    57 | D:1      | Reached XP level 2. HP: 18/27 MP: 2/2
   507 | D:1      | Reached XP level 3. HP: 32/33 MP: 3/3
  1377 | D:2      | Reached XP level 4. HP: 28/40 MP: 4/4
  2064 | D:2      | Found a faded altar of an unknown god.
  2728 | D:3      | Reached skill level 5 in Axes
  2976 | D:3      | Reached XP level 5. HP: 46/47 MP: 5/5
  2980 | D:3      | Became a worshipper of Beogh the Brigand
  2980 | D:3      | Reached * piety under Beogh
  2980 | D:3      | Reached ** piety under Beogh
  3392 | D:3      | Noticed a moth of wrath
  3396 | D:3      | Found a bloodstained altar of Trog.
  3526 | D:3      | Found a sacrificial altar of Ru.
  3544 | D:3      | Found a basalt altar of Yredelemnul.
  3544 | D:3      | Found a shadowy altar of Dithmenos.
  3547 | D:3      | Found a broken altar of Ashenzari.
  3934 | D:4      | Reached skill level 5 in Fighting
  3934 | D:4      | Reached XP level 6. HP: 28/46 MP: 6/6
  4549 | D:4      | Found Liuc's Magic Scroll Emporium.
  4610 | D:4      | Slain by an ogre

Illustrated notes

Levels and vault maps discovered:
D:1:      dpeg_arrival_tiny_f, layout_loops_ring
D:2:      kb_forest_paths, layout_basic, ebering_ecumenical_altar_abandoned,
          hangedman_decor_clover_reticule
D:3:      layout_basic, tgw_trog, grunt_temple_overflow_open,
          minmay_misc_feat_chi, st_stairs_3, corexii_leaking_fountain
D:4:      layout_loops_ring, minmay_shop_grid_forest

Skill      XL: |  1  2  3  4  5 |
---------------+----------------+-----
Fighting       | 4 5 |  5.2
Stealth        | 2 3 |  3.2
Dodging        | 3 |  3.5
Axes           | 5 |  5.8

Action                   |  1- 3 |  4- 6 || total
-------------------------+-------+-------++-------
Melee: Hand axe          |   114 |   117 ||   231
       Punch             |     1 |     2 ||     3
       War axe           |       |    47 ||    47
 Fire: Hunting sling     |     3 |    21 ||    24
Throw: Stone             |     4 |    31 ||    35
Invok: Convert to Beogh  |       |     1 ||     1
  Use: Scroll            |     1 |     3 ||     4
       Potion            |       |     2 ||     2
 Stab: Sleeping          |     1 |       ||     1
Armor: Robe              |    17 |       ||    17
       Chain mail        |    29 |    91 ||   120
Dodge: Dodged            |    57 |    54 ||   111
